 Seeded DCSS version 0.32-a0-35-gd9ff480968 (webtiles) character file.

Game seed: 9872065412798756122 (custom seed)

77215 timneilson the Brawler (level 15, 0/108 HPs)
             Began as an Octopode Shapeshifter on Jan 21, 2024.
             Was an Initiate of Gozag.
             Slain by a two-headed ogre
             ... wielding a +0 giant club
              (31 damage)
             ... on level 14 of the Dungeon.
             The game lasted 01:29:33 (27725 turns).

timneilson the Brawler (Octopode Shapeshifter)     Turns: 27725, Time: 01:29:34

Health: 0/108      AC:  3    Str: 36    XL:     15   Next: 56%
Magic:  22/22      EV: 19    Int: 21    God:    Gozag
Gold:   1400       SH:  5    Dex: 14    Spells: 13/24 levels left

rFire   + +          .
                       - Unarmed
rCold   + . .        (shield currently unavailable)
rNeg    + . .        t - +2 hat
rPois   +            E - amulet of reflection
rElec   .            u - ring "Pyog Lal" {Will+ Str+5 Int+4}
rCorr   .            v - ring "Duekaiz" {Wiz rPois rF+ SInv}
SInv    +            C - ring of Casuq {Str+6 Int+5}
Will    +++..        m - ring of protection from fire
Stlth   ++++++       z - ring of protection from cold
HPRegen 0.38/turn    I - +6 ring of strength
MPRegen 0.18/turn    O - ring of willpower
                     P - ring of positive energy

%: reflection, wizardry (x1)
@: blade tentacles, gold aura, studying Unarmed Combat
A: almost no armour, amphibious, 8 rings, camouflage 1, gelatinous body 1,
(nimble swimmer 1), tentacles
a: Begin Untransformation, Renounce Religion, Potion Petition, Call Merchant,
Bribe Branch


You were on level 14 of the Dungeon.
You worshipped Gozag.
Gozag was most pleased with you.
You had blades for main tentacles.
You visited 4 branches of the dungeon, and saw 21 of its levels.
You also visited: Volcano.

You collected 6979 gold pieces.
You spent 4263 gold pieces at shops.
You paid 1316 gold pieces to Gozag.

Inventory:

Missiles
 d - 46 poisoned darts
 y - 6 curare-tipped darts (quivered)
 D - 4 throwing nets
Armour
 t - a +2 hat (worn)
Jewellery
 m - a ring of protection from fire (on tentacle)
 u - the ring "Pyog Lal" (left blade tentacle) {Will+ Str+5 Int+4}
   (You acquired it on level 6 of the Dungeon)

   [ring of willpower]

   Str+5:     It affects your strength (+5).
   Int+4:     It affects your intelligence (+4).
   Will+:     It increases your willpower.
 v - the ring "Duekaiz" (right blade tentacle) {Wiz rPois rF+ SInv}
   (You acquired it on level 6 of the Dungeon)

   [ring of wizardry]

   Wiz:       It improves your spell success rate.
   rF+:       It protects you from fire.
   rPois:     It protects you from poison SInv: It lets you see invisible.
 z - a ring of protection from cold (on tentacle)
 C - the ring of Casuq (on tentacle) {Str+6 Int+5}
   (You found it on level 7 of the Dungeon)

   [ring of strength]

   Str+6:     It affects your strength (+6).
   Int+5:     It affects your intelligence (+5).
 E - an amulet of reflection (around mantle)
 I - a +6 ring of strength (on tentacle)
 O - a ring of willpower (on tentacle)
 P - a ring of positive energy (on tentacle)
Talismans
 p - a talisman of death
 A - a dragon-blood talisman
 N - a blade talisman (active)
Wands
 w - a wand of iceblast (1)
 x - a wand of paralysis (3)
 G - a wand of flame (5)
 U - a wand of mindburst (30)
Scrolls
 f - 4 scrolls of revelation
 h - 5 scrolls of fear
 j - 2 scrolls of vulnerability
 l - 4 scrolls of poison
 q - 2 scrolls of fog
 r - 11 scrolls of teleportation
 s - 3 scrolls of amnesia
 F - a scroll of enchant armour
 K - a scroll of torment
 M - a scroll of blinking
 Q - 5 scrolls of identify
 S - a scroll of immolation
Potions
 a - a potion of lignification
 b - 3 potions of ambrosia
 c - 2 potions of haste
 e - 3 potions of magic
 g - 6 potions of curing
 i - 3 potions of enlightenment
 k - 5 potions of mutation
 n - 2 potions of invisibility
 o - 3 potions of brilliance
 B - 2 potions of might
 H - 7 potions of attraction
 J - a potion of resistance
 L - 2 potions of berserk rage
 R - 3 potions of heal wounds
 T - 2 potions of cancellation


   Skills:
 * Level 12.0 Fighting
 * Level 12.1 Dodging
 + Level 12.4 Stealth
 * Level 16.1 Unarmed Combat
 - Level 5.0 Spellcasting
 - Level 3.0 Translocations
 - Level 4.0 Air Magic
 - Level 4.0 Earth Magic
 + Level 7.4 Evocations
 * Level 11.5 Shapeshifting


You had 13 spell levels left.
You knew the following spells:

 Your Spells              Type           Power      Damage    Failure   Level
a - Passwall              Erth           22%        N/A       2%          3
b - Swiftness             Air            22%        N/A       2%          3
c - Blink                 Tloc           34%        N/A       1%          2
d - Lesser Beckoning      Tloc           34%        N/A       1%          2
e - Apportation           Tloc           34%        N/A       1%          1

Your spell library contained the following spells:

 Spells                   Type           Power      Damage    Failure   Level
 Momentum Strike          Conj/Tloc      22%        3d8       3%          2
 Call Imp                 Summ           10%        N/A       6%          2
 Ensorcelled Hibernation  Hex/Ice        10%        N/A       6%          2
 Jinxbite                 Hex            10%        N/A       6%          2
 Sublimation of Blood     Necr           5%         N/A       6%          2
 Summon Lightning Spire   Summ/Air       13%        N/A       19%         4
 Lee's Rapid Deconstruct  Erth           11%        3d8*      22%         5
 Alistair's Intoxication  Alch           3%         N/A       71%         5
 Summon Hydra             Summ           2%         N/A       100%        7
 Animate Armour           Summ/Erth      Unusable   N/A       N/A         4

Dungeon Overview and Level Annotations

Branches:
Dungeon (14/15)            Temple (1/1) D:5            Lair (4/5) D:9
  Swamp (0/4) Lair:2        Snake (0/4) Lair:2          Orc (2/2) D:12
    Elf (0/3) Orc:2        Vaults (0/5) D:14        Volcano (visited)
  Slime: Lair:4-5

Altars:
Ashenzari
Cheibriados
Dithmenos
Elyvilon
Fedhas
Gozag
Hepliaklqana
Kikubaaqudgha
Makhleb
Nemelex Xobeh
Okawaru
Qazlal
Ru
Sif Muna
Trog
Uskayaw
Vehumet
Wu Jian
Xom
Yredelemnul
Zin
The Shining One

Shops:
D:1 :   D:8 =   D:9 *   D:13 ?   D:14 *   Orc:1 :   Orc:2 [!!:*

Annotations:
D:4 2 runed translucent doors, Driedwater's ghost, amateur DjIE
Temple 2 transporters
Lair:4 1 transporter, exclusion: oklob plant, Uveod's ghost, journeyman FeEE


Innate Abilities, Weirdness & Mutations

You have blades for main tentacles.
You are incapable of wielding weapons or throwing items.
You cannot wear most types of armour.
You are amphibious.
You can wear up to eight rings at the same time.
Your skin changes colour to match your surroundings (Stealth+).
Your rubbery body absorbs attacks. (AC +1, EV +1)
((You are camouflaged when in or above water. (Stealth+)))
You have tentacles for arms and can constrict up to eight enemies at once.


Message History

You kill the two-headed ogre!
The ogre is distracted by your dazzling golden aura.
Things that are here:
18 gold pieces; a +0 giant spiked club; a +0 giant club The ogre shouts!
You slice the two-headed ogre!! You slash the two-headed ogre!!
You squeeze the two-headed ogre.
The two-headed ogre is severely wounded.
The two-headed ogre closely misses you.
The two-headed ogre hits you with a +0 giant club!
You shred the ogre mage!!! Your squeeze misses the ogre mage.
The ogre mage is severely wounded.
The ogre mage points at you and mumbles some strange words.
You resist with almost no effort.
You barely miss the ogre mage. You slash the ogre mage!
You kill the ogre mage!
Your Fighting skill increases to level 12!
The ogre is no longer distracted by gold.
The two-headed ogre attacks as it pursues you!
The two-headed ogre barely misses you. The two-headed ogre closely misses you.
You slice the two-headed ogre!!
You kill the two-headed ogre!
The ogre is distracted by your dazzling golden aura.
You barely miss the two-headed ogre.
The ogre shouts!
You slash the two-headed ogre!
The two-headed ogre is moderately wounded.
The two-headed ogre completely misses you.
The two-headed ogre hits you with a +0 giant club!!
* * * LOW HITPOINT WARNING * * *
You slice the two-headed ogre!!
The two-headed ogre is severely wounded.
The ogre is no longer distracted by gold.
The two-headed ogre is distracted by your dazzling golden aura.
You hit the two-headed ogre but do no damage.
You squeeze the two-headed ogre.
The two-headed ogre is severely wounded.
The two-headed ogre hits you with a +0 giant club!!
You die...
Your body crumbles into a pile of gold.

#..............
#..
##.............
<.
#..............
.
##............
#..^.........
##...........
#..#........
##.##.......
##. #@# #......
#....##O#
##....
......OO# #...
.......O# ###
.......##
....... ###...?
####. #.


You could see 2 two-headed ogres and 2 ogres.

Vanquished Creatures
  Gastronok (D:10)
  An orc warlord (Orc:2)
  Fannar (D:10)
  3 hydras
  8 vault guards (D:14)
  3 centaur warriors
  2 ogre magi
  A dancing weapon (Volcano)
  7 two-headed ogres
  4 death yaks (Lair:2)
  4 orc high priests (Orc:2)
  The ghost of Zeia the Summoner, a novice DsNe of Ashenzari (D:10)
  2 occultists (Volcano)
  Nergalle (Lair:2)
  A skyshark (Lair:3)
  2 spriggan druids (Lair:2)
  A lindwurm (Lair:2)
  A glowing orange brain (shapeshifter) (D:13)
  5 orc knights
  6 orc sorcerers
  3 deep elf pyromancers
  2 manticores (D:13)
  4 cyclopes
  3 ugly things
  An elephant (shapeshifter) (D:14)
  3 black mambas
  4 kobold blastminers (Orc:2)
  10 elephants
  5 toenail golems (Volcano)
  4 rime drakes
  3 unseen horrors (D:10)
  A rime drake (shapeshifter) (D:13)
  8 cane toads
  3 komodo dragons
  2 kobold demonologists
  A freezing wraith (D:14)
  3 trolls
  3 polar bears
  2 hornets (Lair:2)
  9 blink frogs
  Sigmund (D:3)
  3 slime creatures (D:14)
  2 shadows (D:10)
  2 wraiths
  4 wyverns
  38 yaks
  A ynoxinul (D:10)
  5 basilisks
  5 humans (Volcano)
  Grum (D:11)
  A steam dragon (D:7)
  6 wargs
  7 vampire mosquitoes
  3 acid dragons
  16 water moccasins
  45 orc warriors
  3 ice beasts
  12 ogres
  6 black bears
  2 sky beasts
  6 wolves
  16 centaurs
  4 kobold brigands
  Blork the orc (D:4)
  12 bullfrogs
  A gnoll sergeant (D:9)
  2 scorpions
  3 wights (D:10)
  8 killer bees
  The ghost of dacreux the Grasshopper, a weakling GnWn (D:3)
  6 howler monkeys
  7 hounds
  2 bombardier beetles
  A gnoll bouda (D:9)
  28 orc priests
  4 jellies
  3 sleepcaps
  6 iguanas
  17 orc wizards
  2 hound zombies (D:5)
  16 gnolls
  9 adders
  A white imp (D:6)
  2 ufetubi (D:6)
  A dart slug (D:4)
  2 ribbon worms
  95 orcs
  A bat (D:1)
  10 endoplasms
  A giant cockroach (D:2)
  6 goblins
  10 hobgoblins
  2 jackals (D:9)
  A quokka (D:4)
  2 ball pythons
  2 frilled lizards (D:1)
  22 kobolds
  4 rats
609 creatures vanquished.

Notes
Turn   | Place    | Note
-------+----------+-------------------------------------------
     0 | D:1      | timneilson the Octopode Shapeshifter began the quest for
                  | the Orb.
     0 | D:1      | Reached XP level 1. HP: 13/13 MP: 1/1
   249 | D:1      | Found Logiotz's Book Emporium.
   318 | D:1      | Reached XP level 2. HP: 14/18 MP: 2/2
  1237 | D:2      | Reached XP level 3. HP: 23/23 MP: 3/3
  1274 | D:2      | Reached skill level 1 in Stealth
  1692 | D:2      | Found a faded altar of an unknown god.
  1902 | D:3      | Found a sparkling altar of Nemelex Xobeh.
  1903 | D:3      | Found an opulent altar of Gozag.
  1908 | D:3      | Became a worshipper of Gozag Ym Sagoz the Greedy
  1922 | D:3      | Found a runed translucent gate.
  1922 | D:3      | Found a runed translucent gate.
  1922 | D:3      | Found a runed translucent gate.
  1922 | D:3      | Noticed dacreux's ghost (weakling GnWn)
  1923 | D:3      | Identified the +2 leather armour of Nubi {rElec Regen+}
  2031 | D:3      | Found a shadowy altar of Dithmenos.
  2033 | D:3      | Found a shimmering altar of Xom.
  2197 | D:3      | Noticed a kobold brigand
  2207 | D:3      | Noticed Sigmund
  2225 | D:3      | Killed Sigmund
  2226 | D:3      | Reached skill level 4 in Unarmed Combat
  2226 | D:3      | Reached XP level 4. HP: 30/30 MP: 2/4
  2226 | D:3      | Reached XP level 5. HP: 35/35 MP: 2/5
  2304 | D:3      | Reached XP level 6. HP: 38/41 MP: 4/6
  2784 | D:3      | Killed dacreux's ghost
  2950 | D:4      | Noticed a black bear
  2960 | D:4      | Killed a black bear
  2961 | D:4      | Reached XP level 7. HP: 37/46 MP: 7/7
  3237 | D:4      | Found a snail-covered altar of Cheibriados.
  3511 | D:4      | Found a runed translucent door.
  3516 | D:4      | Noticed Driedwater's ghost (amateur DjIE)
  3592 | D:4      | Found a runed translucent door.
  3922 | D:4      | Noticed Blork the orc
  3932 | D:4      | Killed Blork the orc
  4442 | D:5      | Entered Level 5 of the Dungeon
  4448 | D:5      | Reached skill level 5 in Unarmed Combat
  4469 | D:5      | Reached XP level 8. HP: 34/54 MP: 4/8
  4605 | D:5      | Reached skill level 5 in Shapeshifting
  4632 | D:5      | Found a staircase to the Ecumenical Temple.
  4635 | D:5      | Identified a scroll of acquirement
  4635 | D:5      | Acquired a manual of Unarmed Combat
  4644 | Temple   | Found a transporter.
  4644 | Temple   | Found a transporter.
  4644 | Temple   | Found a transporter.
  4644 | Temple   | Found a transporter.
  4644 | Temple   | Entered the Ecumenical Temple
  4829 | D:5      | Reached skill level 5 in Dodging
  4954 | D:5      | Found a hide-covered altar of Uskayaw.
  5077 | D:5      | Reached skill level 5 in Fighting
  5077 | D:5      | Reached skill level 6 in Unarmed Combat
  5094 | D:5      | Found a basalt altar of Yredelemnul.
  5176 | D:6      | Reached skill level 5 in Stealth
  5334 | D:6      | Acquired the ring "Pyog Lal" {Will+ Str+5 Int+4}
  5337 | D:6      | Acquired the ring "Duekaiz" {Wiz rPois rF+ SInv}
  5340 | D:6      | Acquired a manual of Unarmed Combat
  5378 | D:6      | Reached XP level 9. HP: 53/61 MP: 5/9
  6232 | D:7      | Reached skill level 7 in Unarmed Combat
  6361 | D:7      | Found an ornate altar of the Wu Jian Council.
  6644 | D:7      | Noticed a deep elf pyromancer
  6750 | D:7      | Reached skill level 8 in Unarmed Combat
  6751 | D:7      | Killed a deep elf pyromancer
  6752 | D:7      | Reached XP level 10. HP: 42/69 MP: 4/10
  6909 | D:7      | Identified the ring of Casuq {Str+6 Int+5}
  7164 | D:8      | Found Udeps's Jewellery Shoppe.
  7170 | D:8      | Bought an amulet of reflection for 390 gold pieces
  7477 | D:8      | Reached skill level 9 in Unarmed Combat
  7739 | D:8      | Found a bloodstained altar of Trog.
  7941 | D:9      | Found Xajeloir's Assorted Antiques.
  8351 | D:9      | Found a staircase to the Lair.
  8941 | D:10     | Entered Level 10 of the Dungeon
  8961 | D:10     | Reached skill level 1 in Evocations
  9057 | D:10     | Noticed an unseen horror
  9063 | D:10     | Killed an unseen horror
  9090 | D:10     | Noticed Zeia's ghost (novice DsNe)
  9225 | D:10     | Noticed an unseen horror
  9236 | D:10     | Killed an unseen horror
  9291 | D:10     | Reached skill level 10 in Unarmed Combat
  9616 | D:10     | Found a runed translucent door.
  9694 | D:8      | Bought a ring of protection from fire for 325 gold pieces
  9694 | D:8      | Bought a ring of protection from cold for 325 gold pieces
  9700 | D:8      | Learned a level 3 spell: Passwall
  9704 | D:8      | Learned a level 3 spell: Swiftness
  9849 | D:1      | Bought a book of Spatial Translocations for 180 gold pieces
  9852 | D:1      | Learned a level 2 spell: Blink
 10062 | D:10     | Noticed Fannar
 10075 | D:10     | Killed Fannar
 10076 | D:10     | Reached XP level 11. HP: 39/76 MP: 10/12
 10328 | D:9      | Reached skill level 1 in Spellcasting
 10328 | D:9      | Reached skill level 1 in Translocations
 10478 | D:9      | Reached skill level 1 in Earth Magic
 10606 | D:10     | Reached skill level 1 in Air Magic
 10956 | D:10     | Noticed Gastronok
 10984 | D:10     | Killed Gastronok
 11676 | D:11     | Identified the +0 chain mail of the Other Side {Fly rF+
                  | Int+4}
 11744 | D:11     | Noticed Grum
 11755 | D:11     | Killed Grum
 12239 | D:11     | Reached skill level 11 in Unarmed Combat
 12488 | D:12     | Found a staircase to the Orcish Mines.
 12497 | D:12     | Noticed a purple ugly thing
 12503 | D:12     | Killed a cyan ugly thing
 12612 | D:12     | Noticed a deep elf pyromancer
 12617 | D:12     | Killed a deep elf pyromancer
 12623 | D:12     | Noticed a two-headed ogre
 12628 | D:12     | HP: 1/78 [two-headed ogre/+0 giant spiked club (10)]
 12925 | D:12     | Noticed a cyclops
 12934 | D:12     | Killed a cyclops
 13170 | D:12     | Killed a two-headed ogre
 13171 | D:12     | Reached XP level 12. HP: 84/84 MP: 15/15
 13676 | Lair:1   | Entered Level 1 of the Lair of Beasts
 13972 | Lair:1   | Found the +8 whip "Snakebite" {venom, curare, rPois}
 14057 | Lair:1   | You fall into a shaft and drop 1 floor!
 14303 | Lair:1   | Reached skill level 12 in Unarmed Combat
 14732 | Lair:1   | Learned a level 2 spell: Lesser Beckoning
 15585 | Lair:2   | Noticed Nergalle
 15601 | Lair:2   | Killed Nergalle
 15602 | Lair:2   | Reached XP level 13. HP: 85/90 MP: 18/18
 15816 | Lair:2   | Reached skill level 10 in Stealth
 15816 | Lair:2   | Reached skill level 13 in Unarmed Combat
 15834 | Lair:2   | Reached skill level 10 in Dodging
 15834 | Lair:2   | Reached skill level 5 in Evocations
 16403 | Lair:2   | Reached skill level 10 in Fighting
 16426 | Lair:2   | Found a staircase to the Swamp.
 17195 | Lair:2   | Found a staircase to the Snake Pit.
 18704 | Lair:3   | Reached skill level 10 in Shapeshifting
 18922 | D:8      | Bought a blade talisman for 390 gold pieces
 18922 | D:8      | Bought a ring of willpower for 325 gold pieces
 18922 | D:8      | Bought a ring of positive energy for 260 gold pieces
 18963 | D:9      | Bought a scroll of identify for 64 gold pieces
 18963 | D:9      | Bought a scroll of identify for 64 gold pieces
 18963 | D:9      | Bought a potion of heal wounds for 160 gold pieces
 18963 | D:9      | Bought a scroll of fog for 128 gold pieces
 19051 | Orc:1    | Entered Level 1 of the Orcish Mines
 19178 | Orc:1    | Found a dark tunnel.
 19192 | Volcano  | Entered a volcano
 19274 | Volcano  | Reached skill level 14 in Unarmed Combat
 19350 | Volcano  | Reached XP level 14. HP: 99/99 MP: 20/20
 19992 | Orc:2    | Entered Level 2 of the Orcish Mines
 21211 | Orc:2    | Bought a potion of curing for 33 gold pieces
 21211 | Orc:2    | Bought a potion of heal wounds for 55 gold pieces
 21211 | Orc:2    | Bought 2 potions of attraction for 66 gold pieces
 21211 | Orc:2    | Bought a potion of might for 44 gold pieces
 21211 | Orc:2    | Bought a potion of attraction for 33 gold pieces
 21211 | Orc:2    | Bought a potion of heal wounds for 55 gold pieces
 21211 | Orc:2    | Bought a potion of ambrosia for 88 gold pieces
 21224 | Orc:2    | Found Uhechu's Distillery.
 21236 | Orc:2    | Bought a potion of haste for 120 gold pieces
 21236 | Orc:2    | Bought a potion of curing for 36 gold pieces
 21236 | Orc:2    | Bought a potion of haste for 120 gold pieces
 21236 | Orc:2    | Bought a potion of curing for 36 gold pieces
 21236 | Orc:2    | Bought a potion of heal wounds for 60 gold pieces
 21236 | Orc:2    | Bought a potion of cancellation for 96 gold pieces
 21252 | Orc:2    | Found Nycwe's Armour Shoppe.
 21267 | Orc:2    | Reached skill level 5 in Spellcasting
 21598 | Orc:2    | Learned a level 1 spell: Apportation
 21788 | Orc:2    | Found a staircase to the Elven Halls.
 22097 | Orc:2    | Found Pouxuri's Assorted Antiques.
 22658 | Orc:2    | Reached skill level 15 in Unarmed Combat
 22886 | Orc:2    | Noticed an orc warlord
 22978 | Orc:2    | Killed an orc warlord
 23082 | Orc:2    | Found Umobbuw's Book Emporium.
 25082 | Lair:4   | Identified the +0 long sword "Exuzub" {flame, rF+ Int-5
                  | Stlth+}
 25100 | Lair:4   | Noticed Uveod's ghost (journeyman FeEE)
 25123 | Lair:4   | Found a bloodstained altar of Trog.
 25130 | Lair:4   | Found a transporter.
 25217 | Lair:4   | Reached XP level 15. HP: 107/107 MP: 22/22
 25757 | D:10     | Killed Zeia's ghost
 25857 | D:13     | Found Dureatax's Magic Scroll Boutique.
 25879 | D:13     | Bought a scroll of fear for 48 gold pieces
 25879 | D:13     | Bought a scroll of fear for 48 gold pieces
 25879 | D:13     | Bought a scroll of fear for 48 gold pieces
 25879 | D:13     | Bought a scroll of teleportation for 36 gold pieces
 26701 | D:14     | Found a gate to the Vaults.
 27143 | D:14     | Reached skill level 16 in Unarmed Combat
 27177 | D:14     | Found Othuemp's Overcharged Wands.
 27522 | D:14     | Found a hide-covered altar of Uskayaw.
 27675 | D:14     | Bought a wand of mindburst (30) for 630 gold pieces
 27725 | D:14     | Slain by a two-headed ogre

Illustrated notes

Levels and vault maps discovered:
D:1:      dpeg_arrival_stone_temple_mockup, layout_loops_corners, serial_shops,
          shop, minmay_split_cup_large
D:2:      layout_basic, chequers_ecumenical_altar_grove, chequers_jeans
D:3:      cheibrodos_thug_alley, layout_rooms, grunt_temple_overflow_opulence,
          grunt_temple_overflow_open, biasface_ghost_orc_armoury, uniq_sigmund
D:4:      minmay_razor_zed, layout_gridville, cheibriados_altar_1,
          ebering_ghost_sewer_f, serial_bayou, serial_bayou_pond_d,
          serial_bayou_shore_b, serial_bayou_pond_a, serial_bayou_shore_b,
          uniq_blork_the_orc
D:5:      layout_rooms, lemuel_doored_altar, lemuel_zombie_altar_yredelemnul,
          minmay_temple_entry_overgrown, nicolae_underground_beach
D:6:      layout_basic
D:7:      minmay_clustersquares, layout_loops_cross,
          mainiacjoe_overflow_catwalk, kennysheep_windowed_goal
D:8:      layout_loops_ring, general_overflow_altar, serial_shops,
          nicolae_diamond_shop
D:9:      layout_cave_pools, lair_entry_dummy, serial_gnoll_camp,
          gnoll_camp_mini_shop, gnoll_camp_medium_02, gnoll_camp_mini_hut,
          gnoll_camp_mini_hut
D:10:     layout_irregular_city, hellmonk_ghost_big_iron,
          minmay_gold_behind_fungi, uniq_fannar, uniq_gastronok
D:11:     layout_loops_ring, uniq_grum
D:12:     layout_grid_maze, orc_0_dummy
D:13:     layout_cave_pools, serial_shops, shop_coins, grunt_tough_drop
D:14:     layout_cave_pods, erik_vaults_2, nicolae_uskayaw_en_pointe,
          nicolae_shop_overcharged_wands
Temple:   hellmonk_temple_divided_pantheon
Lair:1:   minmay_guarded_unrand_snakebite, layout_cave_pods,
          beast_lair_carwin_10, grunt_megastairs_1
Lair:2:   layout_layer_cave, mainiacjoe_swamp_entry_angry_trees,
          dummy_snake_entry, uniq_nergalle
Lair:3:   layout_gridlike, st_stairs_8
Lair:4:   dreamdust_cave_troll, layout_gridlike, slime_entry_1,
          gammafunk_ghost_wrathful_warriors, small_statue_intersection,
          bh_autumn_forest_stairs, st_stairs_5
Orc:1:    layout_caves, nicolae_volcano_entry_s_turn,
          nicolae_orc_takin'_care_of_business
Orc:2:    pubby_orc_utopia

Skill      XL: |  1  2  3  4  5  6  7  8  9 10 11 12 13 14 15 |
---------------+----------------------------------------------+-----
Stealth        | 2 3 4 5 6 7 8 9 10 11 12 | 12.4
Fighting       | 2 3 4 5 6 7 8 9 10 11 12 | 12.0
Dodging        | 3 4 5 6 7 8 9 10 11 12 | 12.1
Unarmed Combat | 4 5 6 8 10 11 12 14 15 16 | 16.1
Shapeshifting  | 4 5 6 7 8 9 10 11 | 11.5
Evocations     | 2 3 4 5 6 7 |  7.4
Spellcasting   | 2 3 4 5 |  5.0
Translocations | 2 3 |  3.0
Earth Magic    | 2 3 4 |  4.0
Air Magic      | 2 3 4 |  4.0

Action                     |  1- 3 |  4- 6 |  7- 9 | 10-12 | 13-15 || total
---------------------------+-------+-------+-------+-------+-------++-------
  Melee: Unarmed           |    65 |    94 |   184 |   537 |   680 ||  1560
         Constrict         |    17 |    10 |    37 |    96 |   106 ||   266
         Tentacles         |    12 |    10 |    57 |   182 |   134 ||   395
         Punch             |     2 |       |     9 |     3 |    44 ||    58
  Throw: Dart              |       |       |    44 |       |       ||    44
   Cast: Blink             |       |       |       |     1 |     1 ||     2
         Passwall          |       |       |       |       |     2 ||     2
         Swiftness         |       |       |       |       |     4 ||     4
 Invoke: Call Merchant     |       |       |       |       |     2 ||     2
  Evoke: Wand              |       |       |       |     8 |    17 ||    25
    Use: Scroll            |    11 |     3 |     7 |    10 |     3 ||    34
         Potion            |     1 |     1 |       |     1 |     8 ||    11
   Stab: Sleeping          |     8 |       |    11 |     5 |    34 ||    58
         Paralysed         |       |       |       |     6 |       ||     6
         Distracted        |       |       |       |     2 |     4 ||     6
         Invisible         |       |       |       |       |     9 ||     9
 Armour: Skin              |    20 |    40 |    80 |   154 |   253 ||   547
  Dodge: Dodged            |    32 |    43 |    87 |   288 |   351 ||   801
  Block: Other             |       |       |       |    77 |    91 ||   168
         Reflection        |       |       |       |     7 |    12 ||    19
   Form: Flux              |       |       |       |     1 |       ||     1
         Blade             |       |       |       |       |     1 ||     1

Table legend: (Time is in decaauts)
 A = Elapsed time spent in this place.
 B = Non-inter-level travel time spent in this place.
 C = Inter-level travel time spent in this place.
 D = Time resting spent in this place.
 E = Time spent auto-exploring this place.
 F = Levels seen in this place.
 G = Mean time per level.
                   A        B        C        D        E       F      G
               +--------+--------+--------+--------+--------+-----+--------+
         Total |  27418 |  25846 |   1572 |   7268 |   9106 |  22 | 1246.3 |
       Dungeon |  15863 |  14725 |   1138 |   3494 |   6649 |  14 | 1133.1 |
        Temple |      1 |      1 |      0 |      0 |      0 |   1 |    1.0 |
          Lair |   6506 |   6130 |    376 |   2154 |   1480 |   4 | 1626.5 |
  Orcish Mines |   4745 |   4687 |     58 |   1544 |    974 |   2 | 2372.5 |
       Volcano |    301 |    301 |      0 |     76 |      3 |   1 |  301.0 |
               +--------+--------+--------+--------+--------+-----+--------+

Top non-repeatable levels by time:
   Orc:2: 3925 daAuts
  Lair:2: 2446 daAuts
    D:10: 2041 daAuts
  Lair:1: 1922 daAuts
  Lair:3: 1683 daAuts
     D:4: 1468 daAuts
     D:9: 1455 daAuts
    D:12: 1219 daAuts
     D:3: 1167 daAuts
    D:11: 1143 daAuts
     D:1: 1051 daAuts
     D:6: 1022 daAuts
     D:2: 947 daAuts
     D:7: 940 daAuts
    D:13: 933 daAuts
